2329 views
Uploaded 2024-02-01 13:56:15
Game version 1.36 (6115)
10:49 long 1on1 ladder game on (2)LastRefuge_S2_v1.5
Saved by ET88
2329 views
Uploaded 2024-02-01 13:56:15
Game version 1.36 (6115)
10:49 long 1on1 ladder game on (2)LastRefuge_S2_v1.5

15 units @ 2k
/ 0.1k
11 buildings @ 2k
/ 0.7k


| Healing Salve | 2 | 200 |
| Lesser Clarity Potion | 3 | 210 |
| Potion of Healing | 1 | 150 |
| Scroll of Speed | 1 | 50 |
| Circlet of Nobility | 2 | 350 |
| Staff of Teleportation | 1 | 150 |
| total: | 10 | 1110g |
| Peon | 8 | 600 | / | 0 |
| Grunt | 5 | 1000 | / | 0 |
| Raider | 2 | 360 | / | 80 |
| total: | 15 | 1960g | / | 80w |
| Watch Tower | 1 | 110 | / | 80 |
| Altar of Storms | 1 | 180 | / | 50 |
| Orc Burrow | 4 | 640 | / | 160 |
| Barracks | 1 | 180 | / | 50 |
| Voodoo Lounge | 1 | 130 | / | 30 |
| War Mill | 1 | 205 | / | 0 |
| Great Hall | 1 | 385 | / | 185 |
| Beastiary | 1 | 145 | / | 140 |
| Stronghold | 1 | 315 | / | 190 |
| total: | 11 | 1975g | / | 695w |
| 0:03 | Peon |
| 0:03 | Peon |
| 0:07 | Altar of Storms |
| 0:15 | Orc Burrow |
| 0:19 | Peon |
| 0:34 | Peon |
| 0:46 | Peon |
| 0:58 | Peon |
| 1:21 | Peon |
| 1:36 | Stronghold |
| 2:05 | Barracks |
| 2:11 | Voodoo Lounge |
| 2:15 | Wind Walk |
| 2:27 | Orc Burrow |
| 3:11 | Grunt |
| 3:19 | Circlet of Nobility |
| 3:29 | War Mill |
| 3:33 | Orc Burrow |
| 4:13 | Circlet of Nobility |
| 4:13 | Staff of Teleportation |
| 5:05 | Critical Strike |
| 5:10 | Berserker Strength |
| 5:20 | Beastiary |
| 5:28 | Grunt |
| 5:42 | Peon |
| 6:04 | Spiked Barricades |
| 6:06 | Healing Salve |
| 6:06 | Lesser Clarity Potion |
| 6:20 | Hex |
| 6:45 | Healing Salve |
| 6:46 | Lesser Clarity Potion |
| 6:49 | Potion of Healing |
| 7:34 | Watch Tower |
| 7:39 | Orc Burrow |
| 7:51 | Raider |
| 7:51 | Ensnare |
| 8:32 | Great Hall |
| 8:46 | Grunt |
| 9:00 | Scroll of Speed |
| 9:40 | Raider |
| 9:41 | Grunt |
| 9:42 | Grunt |
| 9:46 | Wind Walk |
| 9:50 | Lesser Clarity Potion |
| 10:06 | Reinforced Defenses |
| Right click | 329 |
| Select | 213 |
| Build/train/purchase | 55 |
| Misc. action | 35 |
| Use ability | 26 |
| Item give/drop | 3 |
| Remove unit | 2 |
/ 0.3k
14 buildings @ 1.4k
/ 0.5k


| Peasant | 8 | 600 | / | 0 |
| Footman | 7 | 945 | / | 0 |
| Rifleman | 6 | 1230 | / | 180 |
| Sorceress | 7 | 1085 | / | 140 |
| Priest | 1 | 135 | / | 10 |
| total: | 29 | 3995g | / | 330w |
| Scout Tower | 1 | 30 | / | 20 |
| Arcane Tower | 1 | 70 | / | 50 |
| Altar of Kings | 1 | 180 | / | 50 |
| Barracks | 1 | 160 | / | 60 |
| Farm | 8 | 640 | / | 160 |
| Blacksmith | 1 | 140 | / | 60 |
| Arcane Vault | 1 | 130 | / | 30 |
| Arcane Sanctum | 1 | 150 | / | 140 |
| Keep | 1 | 320 | / | 210 |
| total: | 14 | 1430g | / | 520w |
| 0:02 | Peasant |
| 0:02 | Peasant |
| 0:05 | Altar of Kings |
| 0:19 | Barracks |
| 0:24 | Peasant |
| 0:34 | Farm |
| 0:38 | Peasant |
| 0:49 | Farm |
| 0:52 | Peasant |
| 1:04 | Peasant |
| 1:20 | Footman |
| 1:28 | Scout Tower |
| 1:33 | Peasant |
| 1:39 | Footman |
| 1:48 | Farm |
| 2:00 | Arcane Tower |
| 2:06 | Summon Water Elemental |
| 2:27 | Footman |
| 2:31 | Peasant |
| 3:04 | Footman |
| 3:06 | Keep |
| 3:33 | Footman |
| 3:35 | Blacksmith |
| 3:37 | Farm |
| 4:16 | Footman |
| 4:25 | Farm |
| 4:38 | Footman |
| 4:50 | Arcane Vault |
| 5:02 | Brilliance Aura |
| 5:20 | Rifleman |
| 5:51 | Arcane Sanctum |
| 6:20 | Rifleman |
| 6:40 | Rifleman |
| 6:43 | Farm |
| 6:48 | Storm Bolt |
| 6:49 | Summon Water Elemental |
| 7:13 | Sorceress |
| 7:13 | Sorceress |
| 7:15 | Farm |
| 7:40 | Sorceress |
| 7:55 | Long Rifles |
| 7:56 | Rifleman |
| 7:57 | Priest |
| 8:18 | Rifleman |
| 8:22 | Farm |
| 8:27 | Bash |
| 9:28 | Sorceress |
| 9:28 | Sorceress |
| 9:53 | Rifleman |
| 9:54 | Sorceress |
| 9:54 | Sorceress |
| 10:34 | Storm Bolt |
| Right click | 569 |
| Select group | 537 |
| Assign group | 186 |
| Select | 136 |
| Build/train/purchase | 51 |
| Use ability | 13 |
| Misc. action | 7 |
| Item give/drop | 2 |